 Dungeon Crawl Stone Soup version 0.17-a0-2108-g65e8068 (webtiles) character file.

1816 Ishikawa the Magician (level 8, -15/56 HPs)
             Began as a Mummy Wizard on Oct 19, 2015.
             Was a Believer of Kikubaaqudgha.
             Demolished by a shadow (34 damage)
             ... on level 8 of the Dungeon.
             The game lasted 00:33:01 (7087 turns).

Ishikawa the Magician (Mummy Wizard)                Turns: 7087, Time: 00:33:01

Health: -15/56     AC:  2    Str: 11      XL:     8   Next: 85%
Magic:  16/16      EV: 12    Int: 19      God:    Kikubaaqudgha [**....]
Gold:   405        SH:  0    Dex:  9 (10) Spells: 6 memorised, 6 levels left

rFire  . . .     SeeInvis .     a - +8 short sword of Hard Scrabble {pierce, +Rage rElec rPois rC+}
rCold  + + +     Clarity  .     m - +0 robe
rNeg   + + +     SustAt   .     (no shield)
rPois  ∞         Gourm    .     b - +0 hat
rElec  +         Spirit   .     (no cloak)
rCorr  .         Warding  .     (no gloves)
rMut   .         Stasis   .     (no boots)
MR     +....                    (no amulet)
Stlth  ++........               p - ring of protection from cold
                                r - ring of protection from fire

@: somewhat resistant to hostile enchantments, unstealthy
A: no food or potions, fire vulnerability, cold resistance 1, negative energy
resistance 3, torment resistance, unbreathing
a: Receive Corpses, Renounce Religion


You were on level 8 of the Dungeon.
You worshipped Kikubaaqudgha.
Kikubaaqudgha was pleased with you.
You were not hungry.

You visited 1 branch of the dungeon, and saw 8 of its levels.

You collected 405 gold pieces.

Inventory:

Hand Weapons
 a - the +8 short sword of Hard Scrabble (weapon) {pierce, +Rage rElec rPois rC+}
   (You found it on level 4 of the Dungeon)

   It inflicts extra damage upon your enemies.
   It protects you from cold.
   It insulates you from electricity.
   It protects you from poison.
   It lets you go berserk.
 e - a +2 trident of venom
 t - a cursed -1 mace
 u - a +2 whip of flaming
Armour
 b - a +0 hat (worn)
 m - a +0 robe (worn)
Jewellery
 i - a +4 ring of evasion
 p - a ring of protection from cold (right hand)
 r - a ring of protection from fire (left hand)
Wands
 h - a wand of cold (7)
 s - a wand of magic darts (28)
Scrolls
 d - 3 scrolls of remove curse
 f - 7 scrolls of identify
 j - 2 scrolls of magic mapping
 k - 2 scrolls of recharging
 l - a scroll of teleportation {unknown}
 n - 2 scrolls of amnesia {unknown}
 o - 2 scrolls of fear {unknown}
 q - 2 scrolls of enchant armour {unknown}
 v - a scroll of noise {unknown}
Books
 c - a book of Minor Magic

   Spells                             Type                      Level
   a - Magic Dart                     Conjuration                  1
   b - Blink                          Translocation                2
   c - Call Imp                       Summoning                    2
   d - Repel Missiles                 Charms/Air                   2
   e - Slow                           Hexes                        2
   f - Conjure Flame                  Conjuration/Fire             3
   g - Mephitic Cloud                 Conjuration/Poison/Air       3
 g - Kikubaaqudgha's Catalogue of Stolen Souls
   (Kikubaaqudgha gifted it to you on level 5 of the Dungeon)

   Spells                             Type                      Level
   a - Animate Skeleton               Necromancy                   1
   b - Pain                           Necromancy                   1
   c - Corpse Rot                     Necromancy                   2
   d - Vampiric Draining              Necromancy                   3
   e - Control Undead                 Necromancy                   4
 w - the Papyrus of Earthen Displacement
   (You found it on level 6 of the Dungeon)

   Spells                             Type                      Level
   a - Blink                          Translocation                2
   b - Stoneskin                      Transmutation/Earth          2
   c - Recall                         Summoning/Translocation      3
   d - Portal Projectile              Translocation                3
   e - Warp Weapon                    Charms/Translocation         5
   f - Bolt of Magma                  Conjuration/Fire/Earth       5


   Skills:
 - Level 2.0 Fighting
 - Level 1.0 Short Blades
 - Level 1.5 Dodging
 - Level 1.5 Stealth
 + Level 5.7 Spellcasting
 - Level 4.0 Conjurations
 + Level 4.0 Summonings
 + Level 3.5 Necromancy
 + Level 2.0 Translocations
 - Level 2.0 Fire Magic
 - Level 2.0 Air Magic
 - Level 2.0 Poison Magic


You had 6 spell levels left.
You knew the following spells:

 Your Spells              Type           Power        Failure   Level  Hunger
a - Magic Dart            Conj           ###.         2%          1    N/A
b - Call Imp              Summ           ###.....     3%          2    N/A
c - Mephitic Cloud        Conj/Pois/Air  ###.....     12%         3    N/A
d - Conjure Flame         Conj/Fire      ###.....     12%         3    N/A
e - Pain                  Necr           ###.         3%          1    N/A
f - Blink                 Tloc           N/A          10%         2    N/A

Dungeon Overview and Level Annotations

Branches:
Dungeon (8/15)             Temple (0/1) D:6
   Lair: D:8-11

Altars:
Ashenzari
Elyvilon
Fedhas
Gozag
Kikubaaqudgha
Nemelex Xobeh
Ru
Sif Muna
Trog
Zin
The Shining One

Shops:
D:5 *

Annotations:
D:4 Bezhaha1's ghost, amateur OgBe


Innate Abilities, Weirdness & Mutations

You do not eat or drink.
Your flesh is vulnerable to fire.
You are immune to poison.
Your flesh is cold resistant.
You are immune to negative energy.
You are immune to unholy pain and torment.
You can survive without breathing.


Message History

You open the door. The orc hits you with a short sword.
The shadow strikes at you from the darkness!
Reactivating autopickup.
There is an open door here.
Press: ? - help, v - describe, . - travel
Here: a shadow An open door.
There are monsters nearby!
Press: ? - help, v - describe, . - travel
Here: a shadow An open door.
You completely miss the shadow.
The shadow slips into darkness.
The shadow flickers and vanishes!
Deactivating autopickup; reactivate with Ctrl-A.
You closely miss something.
The shadow strikes at you from the darkness!
Ouch! That really hurt!
You die...
Kikubaaqudgha rasps: "You have failed me!
Welcome... oblivion!"

####.....#..#.. #.....'
#....##..# . #.....#
#........# #.....#
####.....# #.....#
##.##### .#.....#
#..##..###+## ..#.....+
#......##...##..#.....#
#.......#.......#.o...#
+......@{o......#.....#
#.......#o......#.....#
#.......#.......#o....#
#..##..##...##..#.oo..#
#..##..##...##..#.....#
#......#....o...#.o...#
+......'........o.....#
#+###..#....###'#.....#
#..##...#....######


You could see 2 orcs.

Vanquished Creatures
  Menkaure (D:5)
  A phantom (D:6)
  2 sky beasts
  A centaur (D:5)
  2 giant frogs
  3 scorpions
  3 killer bees (D:7)
  2 crimson imps
  A centaur zombie (D:6)
  2 iguanas
  A hound (D:4)
  A jelly (D:6)
  3 worker ants
  A hound skeleton (D:6)
  A worker ant zombie (D:5)
  3 gnolls (D:5)
  6 adders
  4 giant geckos
  33 orcs
  5 bats
  5 hobgoblins
  11 jackals
  5 kobolds
  A quokka (D:3)
  5 giant cockroaches
  6 giant newts
  9 goblins
  8 rats
126 creatures vanquished.

Vanquished Creatures (collateral kills)
  A water moccasin (D:6)
  An ice beast (D:5)
  An ogre (D:5)
  A phantom (D:5)
  A killer bee (D:7)
  A quasit (D:8)
  An orc priest (D:3)
  A hound (D:6)
  3 orc wizards (D:3)
  2 adders
  3 orcs (D:3)
  2 hobgoblins (D:2)
  A quokka (D:2)
  A giant newt (D:1)
  2 goblins
  6 jackals
28 creatures vanquished.

Grand Total: 154 creatures vanquished

Notes
Turn   | Place    | Note
--------------------------------------------------------------
     0 | D:1      | Ishikawa the Mummy Wizard began the quest for the Orb.
     0 | D:1      | Reached XP level 1. HP: 13/13 MP: 4/4
    73 | D:1      | Reached skill level 1 in Conjurations
   225 | D:1      | Reached XP level 2. HP: 17/20 MP: 0/6
   230 | D:1      | Learned a level 2 spell: Call Imp
   298 | D:1      | Reached skill level 1 in Fighting
   720 | D:1      | Reached XP level 3. HP: 24/26 MP: 1/7
   727 | D:1      | Learned a level 3 spell: Mephitic Cloud
  1097 | D:2      | Reached skill level 1 in Summonings
  1317 | D:3      | Found an ancient bone altar of Kikubaaqudgha.
  1328 | D:3      | Became a worshipper of Kikubaaqudgha
  2231 | D:3      | Reached XP level 4. HP: 22/33 MP: 7/9
  2935 | D:3      | Reached skill level 1 in Poison Magic
  2935 | D:3      | Reached XP level 5. HP: 25/38 MP: 2/10
  3003 | D:4      | Learned a level 3 spell: Conjure Flame
  3019 | D:4      | Got a warped short sword
  3020 | D:4      | Identified the +8 short sword of Hard Scrabble {pierce, +Rage rElec rPois rC+} (You found it on level 4 of the Dungeon)
  3039 | D:4      | Noticed Bezhaha1's ghost (amateur OgBe)
  3368 | D:4      | Noticed an ogre
  3451 | D:5      | Entered Level 5 of the Dungeon
  3451 | D:5      | Noticed an ice beast
  3476 | D:4      | Found a shattered altar of Ashenzari.
  3509 | D:4      | Reached skill level 1 in Air Magic
  3632 | D:5      | Found an opulent altar of Gozag.
  3637 | D:5      | Reached skill level 1 in Short Blades
  3637 | D:5      | Reached XP level 6. HP: 33/44 MP: 7/11
  3660 | D:5      | Noticed a phantom
  3691 | D:5      | Killed a phantom
  3947 | D:5      | Noticed a sky beast
  3953 | D:5      | Reached * piety under Kikubaaqudgha
  3953 | D:5      | Received a gift from Kikubaaqudgha
  3954 | D:5      | Identified Kikubaaqudgha's Catalogue of Stolen Souls (Kikubaaqudgha gifted it to you on level 5 of the Dungeon)
  3966 | D:5      | Killed a sky beast
  3966 | D:5      | Reached skill level 4 in Spellcasting
  3970 | D:5      | Learned a level 1 spell: Pain
  4061 | D:5      | Killed an ice beast
  4061 | D:5      | Reached skill level 1 in Necromancy
  4061 | D:5      | Reached skill level 1 in Fire Magic
  4061 | D:5      | Reached XP level 7. HP: 22/50 MP: 1/13
  4352 | D:5      | Noticed an ogre
  4367 | D:5      | Killed an ogre
  4634 | D:5      | Found Zomity Hiut's Assorted Antiques.
  4652 | D:5      | Noticed a centaur
  4660 | D:5      | Killed a centaur
  4702 | D:5      | Noticed Menkaure
  4728 | D:5      | Killed Menkaure
  4728 | D:5      | Reached XP level 8. HP: 13/56 MP: 2/14
  4819 | D:5      | Found a sparkling altar of Nemelex Xobeh.
  4825 | D:5      | Found a blossoming altar of Fedhas.
  5262 | D:6      | Learned a level 2 spell: Blink
  5622 | D:6      | Found a white marble altar of Elyvilon.
  5657 | D:6      | Found a staircase to the Ecumenical Temple.
  5662 | D:6      | Found a bloodstained altar of Trog.
  5664 | D:6      | Found a glowing silver altar of Zin.
  5665 | D:6      | Found a shattered altar of Ashenzari.
  5906 | D:6      | Reached skill level 5 in Spellcasting
  5967 | D:6      | Identified the Papyrus of Earthen Displacement
  6218 | D:6      | Reached skill level 1 in Translocations
  6367 | D:7      | Reached ** piety under Kikubaaqudgha
  6707 | D:7      | Found a sacrificial altar of Ru.
  6966 | D:8      | Found a glowing golden altar of the Shining One.
  7010 | D:8      | Found a deep blue altar of Sif Muna.
  7087 | D:8      | Demolished by a shadow

Vault maps used:
D:1:      minmay_arrival_wavy_path, serial_glass, glass_columns_a,
          glass_columns_c, glass_columns_b, glass_columns_c, glass_columns_b,
          minmay_strange_pillars, kennysheep_crisscross, nrook_loot_triangle,
          minmay_misc_feat_x, minmay_misc_feat_plants
D:3:      kiku_gazebo_garden_becter, serial_co_window_serial, co_window_paths_a,
          co_window_paths_a, co_window_of_opportunity_a,
          co_window_of_opportunity_a, co_window_paths_a, co_window_corner_b,
          co_window_cross_4, co_window_2corner, co_window_2corner,
          co_window_corner_b, co_window_corner_cb, co_window_4corner_b,
          co_window_paths_e, glass_columns_c, minivault_26
D:4:      first_bread, cheibrodos_ashenzari_chains
D:5:      nicolae_gozag_cash_rules_everything_around_me,
          amethyst_overflow_temple_binary, serial_shops, shop_fountains,
          lightli_sewer_entry_pipes, uniq_menkaure
D:6:      lemuel_crystal_altar, gammafunk_temple_overflow_forgotten,
          minmay_temple_entry_statues_fountains
D:7:      nicolae_ru_sacrificial_ziggurat
D:8:      kennysheep_mini, nicolae_overflow_crystal_walls,
          grunt_qazlal_sundering, basic_altar, uniq_prince_ribbit1, uniq_joseph

Action                   |  1- 3 |  4- 6 |  7- 9 || total
-------------------------+-------+-------+-------++-------
Melee: Club              |   101 |    10 |       ||   111
       Dagger            |       |    30 |       ||    30
       Short sword       |       |    47 |   130 ||   177
 Cast: Magic Dart        |    69 |    34 |    54 ||   157
       Call Imp          |     8 |    23 |    18 ||    49
       Mephitic Cloud    |     1 |     7 |    10 ||    18
       Conjure Flame     |       |     2 |     3 ||     5
       Pain              |       |       |     6 ||     6
  Use: Scroll            |       |     6 |     2 ||     8
 Stab: Sleeping          |     2 |       |     2 ||     4
       Confused          |     1 |     2 |     2 ||     5
